 Dungeon Crawl Stone Soup version 0.17-a0-1651-gae1a69f (webtiles) character file.

53 nuthulu the Ruffian (level 3, -4/32 HPs)
             Began as a Naga Transmuter on Aug 14, 2015.
             Killed from afar by Ijyb (6 damage)
             ... with a wand of magic darts
             ... on level 2 of the Dungeon.
             The game lasted 00:04:04 (2298 turns).

nuthulu the Ruffian (Naga Transmuter)               Turns: 2298, Time: 00:04:04

Health: -4/32      AC:  3    Str: 12    XL:     3   Next: 87%
Magic:  2/7        EV: 10    Int: 14    God:
Gold:   32         SH:  0    Dex: 11    Spells: 3 memorised, 1 level left

rFire  . . .     SeeInvis +       - Unarmed
rCold  . . .     Clarity  .     b - +0 robe
rNeg   . . .     SustAt   .     (no shield)
rPois  +         Gourm    .     (no helmet)
rElec  .         Spirit   .     e - +0 cloak
rCorr  .         Warding  .     (no gloves)
rMut   .         Stasis   .     (no barding)
MR     .....                    (no amulet)
Stlth  +.........               (no ring)
                                (no ring)

@: appendage, very slightly contaminated, very slow, not resistant to hostile
enchantments, very unstealthy
A: horns 2, see invisible, deformed body, poison resistance, slowness 2, slow
metabolism 1, spit poison 2, AC +1
a: Spit Poison, End Transformation


You were on level 2 of the Dungeon.
You were hungry.
You had grown temporary horns.
You visited 1 branch of the dungeon, and saw 2 of its levels.

You collected 32 gold pieces.

Inventory:

Missiles
 a - 32 arrows
Armour
 b - a +0 robe (worn)
 e - a +0 cloak (worn)
Jewellery
 f - an uncursed ring of protection from magic {unknown}
 n - an uncursed ring of positive energy {unknown}
Scrolls
 j - a scroll of recharging {unknown}
Potions
 m - a potion of heal wounds {unknown}
Books
 c - a book of Changes

   Spells                             Type                      Level
   a - Beastly Appendage              Transmutation                1
   b - Sticks to Snakes               Transmutation                2
   c - Spider Form                    Transmutation/Poison         3
   d - Ice Form                       Ice/Transmutation            4
   e - Blade Hands                    Transmutation                5
Comestibles
 d - a bread ration
 h - a chunk of flesh
 i - a beef jerky
 k - a meat ration
 l - a royal jelly


   Skills:
 + Level 1.7 Fighting
 + Level 1.9 Dodging
 - Level 3.0 Unarmed Combat
 + Level 2.7 Spellcasting
 + Level 2.7 Transmutations


You had one spell level left.
You knew the following spells:

 Your Spells              Type           Power        Failure   Level  Hunger
a - Beastly Appendage     Trmt           #.....       10%         1    #......
b - Sticks to Snakes      Trmt           #.........   14%         2    ###....
c - Spider Form           Trmt/Pois      #.........   38%         3    ###....


Dungeon Overview and Level Annotations

Branches:
Dungeon (2/15)

Altars:

Annotations:
D:2 Ijyb


Innate Abilities, Weirdness & Mutations

You cannot wear boots.
Your serpentine skin is tough (AC +1).
You have supernaturally acute eyesight.
Armour fits poorly on your strangely shaped body.
Your system is resistant to poisons.
You cover ground very slowly.
You have a slow metabolism.
You can spit poison.
You have a pair of horns on your head.


Message History

Your ball python closely misses Ijyb.
Your ball python bites Ijyb.
Your ball python grabs Ijyb.
Your ball python constricts Ijyb.
Ijyb struggles to escape constriction.
Your ball python bites Ijyb but does no damage.
Your ball python constricts Ijyb.
Unknown command.
Drink which item? (? for menu, Esc to quit)
You feel better.
Ijyb struggles to escape constriction.
Your ball python bites Ijyb but does no damage.
Your ball python constricts Ijyb.
Ijyb zaps a wand.
The magic dart hits you!
* * * LOW HITPOINT WARNING * * *
Your ball python bites Ijyb.
Your ball python constricts Ijyb.
Ijyb zaps a wand.
The magic dart hits you!
* * * LOW HITPOINT WARNING * * *
Your ball python bites Ijyb but does no damage.
Your ball python constricts Ijyb.
Unknown command.
Ijyb screams, "Level is mine!
All mine!"
Ijyb zaps a wand.
The magic dart hits you!
You die...

...#..#.# ##.##.#.#
....(<#.# ...#..#.# #
...#..#.# #. ...#()#.#.##.
...#..#.#.##.###############
...(........................
...>............@...........
........#.##.Sg####.###.####
..........##...# #..# .#
..........##...# ##.# .#
..#.......##...# #.# .#
..#.......###### #.##.#
..#.......# #..#.#
..#..##.#.# ##.#.#
..#...#.#.######### #...#


You could see Ijyb and a friendly ball python.

Vanquished Creatures
  A gnoll (D:1)
  An adder (D:2)
  A ball python (D:1)
  6 hobgoblins
  2 kobolds
  A bat (D:2)
  3 giant cockroaches (D:1)
  3 giant newts
  5 goblins
  4 jackals (D:1)
  8 rats
35 creatures vanquished.

Notes
Turn   | Place    | Note
--------------------------------------------------------------
     0 | D:1      | nuthulu the Naga Transmuter began the quest for the Orb.
     0 | D:1      | Reached XP level 1. HP: 18/18 MP: 3/3
   479 | D:1      | Reached XP level 2. HP: 12/25 MP: 3/5
   493 | D:1      | Learned a level 2 spell: Sticks to Snakes
  1044 | D:1      | Reached XP level 3. HP: 31/31 MP: 4/6
  1049 | D:1      | Learned a level 3 spell: Spider Form
  2288 | D:2      | Noticed Ijyb
  2297 | D:2      | HP: 1/32 [Ijyb/wand of magic darts (7)]
  2298 | D:2      | Killed from afar by Ijyb

Vault maps used:
D:1:      sevenhm_arrival_forest_fort_small_6
D:2:      fedhas_altar_1, uniq_iyjb, uniq_sigmund

Action                   || total
-------------------------++-------
Melee: Unarmed           ||   100
 Cast: Beastly Appendage ||    26
       Spider Form       ||     1
       Sticks to Snakes  ||     1
  Use: Scroll            ||     3
       Potion            ||     1
  Eat: Chunk             ||     3
